 Dungeon Crawl Stone Soup version 0.30-a0-847-g17996783a1 (webtiles) character file.

Game seed: 13176137980165987705

76 sasquatch the Shield-Bearer (level 4, -3/35 HPs)
             Began as a Formicid Fighter on Mar 4, 2023.
             Was a Follower of Cheibriados.
             Slain by Crazy Yiuf
             ... wielding a +4 quarterstaff of chaos
              (11 damage)
             ... on level 2 of the Dungeon.
             The game lasted 00:02:27 (1579 turns).

sasquatch the Shield-Bearer (Formicid Fighter)      Turns: 1579, Time: 00:02:28

Health: -3/35      AC:  9    Str: 25    XL:     4   Next: 57%
Magic:  0/4        EV:  9    Int: 11    God:    Cheibriados [*.....]
Gold:   117        SH:  5    Dex: 16    Spells: 3/3 levels left

rFire   . . .      SeeInvis +    a - +0 trident
rCold   . . .      Faith    .    c - +0 buckler
rNeg    . . .      Spirit   .    b - +0 scale mail
rPois   .          Reflect  .    (helmet unavailable)
rElec   .          Rampage  .    (no cloak)
rCorr   .                        g - +0 pair of gloves
Will    +....                    i - +0 pair of boots Stlth
                                 (no amulet)
HPRegen 0.25/turn                o - ring of willpower
MPRegen 0.09/turn                (no ring)

@: very slow
A: permanent stasis, dig shafts and tunnels, antennae 3, four strong arms
a: Dig, Shaft Self, Renounce Religion, Bend Time


You were on level 2 of the Dungeon.
You worshipped Cheibriados.
Cheibriados was aware of your devotion.
You visited 1 branch of the dungeon, and saw 2 of its levels.

You collected 117 gold pieces.

Inventory:

Hand Weapons
 a - a +0 trident (weapon)
Armour
 b - a +0 scale mail (worn)
 c - a +0 buckler (worn)
 g - a +0 pair of gloves (worn)
 i - a +0 pair of boots (worn)
Jewellery
 o - a ring of willpower (left hand)
Scrolls
 e - a scroll of silence {unknown}
 h - a scroll of noise {unknown}
 k - a scroll of teleportation {unknown}
 l - 4 scrolls of identify {unknown}
 n - a scroll of blinking {unknown}
 q - a scroll of enchant weapon {unknown}
Potions
 d - a potion of might
 f - a potion of flight {unknown}
 j - 2 potions of magic {unknown}
 m - a potion of invisibility {unknown}
 p - a potion of ambrosia {unknown}


   Skills:
 - Level 3.2 Fighting
 * Level 3.8 Polearms
 - Level 3.2 Armour
 + Level 5.0 Shields


You had 3 spell levels left.
You didn't know any spells.
Your spell library contained the following spells:

 Spells                   Type           Power      Damage    Failure   Level
 Ignite Poison            Fire/Tmut/Pois 0%         N/A       96%         3
 Kindle Blastsparks       Fire/Tloc/Air  0%         2d10      96%         3
 Ozocubu's Armour         Ice            0%         N/A       96%         3
 Freezing Cloud           Conj/Ice/Air   0%         6-21      100%        5
 Metabolic Englaciation   Hex/Ice        0%         N/A       100%        5
 Simulacrum               Ice/Necr       0%         N/A       100%        6


Dungeon Overview and Level Annotations

Branches:
Dungeon (2/15)

Altars:
Cheibriados
Hepliaklqana

Annotations:
D:2 Crazy Yiuf


Innate Abilities, Weirdness & Mutations

You cannot be hasted, slowed, berserked, paralysed or teleported.
You can dig through walls and to a lower floor.
You have a pair of large antennae on your head. (SInv)
Your four strong arms can wield two-handed weapons with a shield.


Message History

a +0 short sword; a kobold corpse You see here a +0 club.
There is a stone staircase leading down here.
Things that are here:
a +0 club; 2 stones
There is a hazy altar of Hepliaklqana here.
There is a stone staircase leading up here.
You enter the shallow water.
Moving in this stuff is going to be slow.
You see here a +1 heavy hammer.
You see here a +0 hammer.
Crazy Yiuf shouts!
Could not explore, unopened runed door.
You open the door. You hit Crazy Yiuf.
Crazy Yiuf is lightly wounded.
Crazy Yiuf hits you with a +4 quarterstaff of chaos.
Crazy Yiuf barely misses you.
You hit Crazy Yiuf but do no damage.
Crazy Yiuf is lightly wounded.
Crazy Yiuf hits you with a +4 quarterstaff of chaos.
Crazy Yiuf freezes you.
You puncture Crazy Yiuf!
Crazy Yiuf is heavily wounded.
Crazy Yiuf hits you with a +4 quarterstaff of chaos!
You feel your power leaking away.
You are too injured to fight recklessly!
You are too injured to fight recklessly!
You are too injured to fight recklessly!
You barely miss Crazy Yiuf.
Crazy Yiuf is heavily wounded.
Crazy Yiuf hits you with a +4 quarterstaff of chaos!
* * * LOW HITPOINT WARNING * * *
You hit Crazy Yiuf.
Crazy Yiuf is severely wounded.
You block Crazy Yiuf's attack.
You hit Crazy Yiuf.
Crazy Yiuf is almost dead.
Crazy Yiuf hits you with a +4 quarterstaff of chaos!
You die...

#.#
#.............
###.#
###..####.####
#...# #.#.#####.#
#.### ####..# #.#
#.# ##.###.#
##.##♣♣♣♣♣
#.##.##
#...#P)♣)♣♣♣ ###
##.#.#####
#....P..♣.)♣#.).#
#...## #..
#......♣♣♣♣@g...#
##.## #.#
##..#.♣♣ ♣♣#)))#
#.#####.# ####♣♣
### #.......#
#########


You could see Crazy Yiuf.

Vanquished Creatures
  4 adders (D:2)
  2 dart slugs (D:1)
  3 ball pythons
  2 bats
  3 endoplasms (D:2)
  3 giant cockroaches
  3 goblins
  8 hobgoblins
  2 kobolds (D:2)
  3 rats
33 creatures vanquished.

Vanquished Creatures (others)
  6 plants (D:2)
  6 withered plants (D:2)
12 creatures vanquished.

Grand Total: 45 creatures vanquished

Notes
Turn   | Place    | Note
-------+----------+-------------------------------------------
     0 | D:1      | sasquatch the Formicid Fighter began the quest for the Orb.
     0 | D:1      | Reached XP level 1. HP: 18/18 MP: 1/1
   171 | D:1      | Reached XP level 2. HP: 24/24 MP: 2/2
   694 | D:2      | Reached XP level 3. HP: 29/29 MP: 3/3
   850 | D:2      | Found a faded altar of an unknown god.
   863 | D:2      | Prayed at the altar of an unknown god.
   863 | D:2      | Became a worshipper of Cheibriados the Contemplative
   863 | D:2      | Reached * piety under Cheibriados
   925 | D:2      | Found a hazy altar of Hepliaklqana.
  1055 | D:2      | Reached XP level 4. HP: 35/35 MP: 4/4
  1256 | D:2      | Reached skill level 5 in Shields
  1309 | D:2      | Found a runed translucent door.
  1310 | D:2      | Noticed Crazy Yiuf
  1579 | D:2      | Slain by Crazy Yiuf

Illustrated notes

Levels and vault maps discovered:
D:1:      scummos_arrival_simple_crosswalls, layout_loops_cross
D:2:      layout_loops_ring, shapermc_ecumenical_altar_flowoftime, basic_altar,
          serial_bayou_pond_d, uniq_crazy_yiuf_cottage

Skill      XL: |  1  2  3  4 |
---------------+-------------+-----
Polearms       | 3 |  3.8
Shields        | 5 |  5.0
Fighting       | |  3.2
Armour         | |  3.2

Action                     |  1- 3 |  4- 6 || total
---------------------------+-------+-------++-------
  Melee: Trident           |    92 |    26 ||   118
 Armour: Scale mail        |    28 |     8 ||    36
  Dodge: Dodged            |    39 |     3 ||    42
  Block: Buckler           |    18 |     4 ||    22

Table legend: (Time is in decaauts)
 A = Elapsed time spent in this place.
 B = Non-inter-level travel time spent in this place.
 C = Inter-level travel time spent in this place.
 D = Time resting spent in this place.
 E = Time spent auto-exploring this place.
 F = Levels seen in this place.
 G = Mean time per level.
                   A        B        C        D        E       F      G
               +--------+--------+--------+--------+--------+-----+--------+
         Total |   1851 |   1826 |     25 |      0 |   1527 |   2 |  925.5 |
       Dungeon |   1851 |   1826 |     25 |      0 |   1527 |   2 |  925.5 |
               +--------+--------+--------+--------+--------+-----+--------+

Top non-repeatable levels by time:
     D:2: 1170 daAuts
     D:1: 681 daAuts
